 Dungeon Sprint DCSS version 0.19-a0-45-g2c295ea (webtiles) character file.

261 namelastname112 the Covert (level 5, -3/43 HPs)
             Began as a Vampire Enchanter on May 5, 2016.
             Was an Initiate of Dithmenos.
             Slain by a yak (16 damage)
             ... in the Dungeon (Sprint IX: "|||||||||||||||||||||||||||||").
             The game lasted 00:01:45 (677 turns).

namelastname112 the Covert (Vampire Enchanter)       Turns: 677, Time: 00:01:45

Health: -3/43      AC:  5    Str:  7    XL:     5   Next: 96%
Magic:  0/12       EV: 18    Int: 17    God:    Dithmenos [......]
Gold:   0          SH:  0    Dex: 19    Spells: 5 memorised, 2 levels left

rFire  . . .     SeeInvis +     r - +2 rapier (venom)
rCold  . . .     Gourm    .     b - +1 robe
rNeg   + . .     Faith    .     (no shield)
rPois  .         Spirit   .     (no helmet)
rElec  .         Dismiss  .     (no cloak)
rCorr  .         Reflect  .     n - +0 pair of gloves
SustAt .         Harm     .     o - +0 pair of boots
MR     .....     NoTele   +     (no amulet)
Stlth  +++++.....               q - +3 ring of dexterity
                                p - +2 ring of evasion

@: very slightly contaminated, not resistant to hostile enchantments, quite
stealthy
A: fangs 3, see invisible, unbreathing
a: Bat Form, Renounce Religion


You were in the Dungeon.
You worshipped Dithmenos.
Dithmenos was noncommittal.
You were not thirsty.

You visited 1 branch

Inventory:

Hand Weapons
 r - a +2 rapier of venom (weapon)
Armour
 b - a +1 robe (worn)
 n - a +0 pair of gloves (worn)
 o - a +0 pair of boots (worn)
Jewellery
 p - a +2 ring of evasion (left hand)
 q - a +3 ring of dexterity (right hand)
Wands
 m - a wand of iceblast (7/15)
Scrolls
 j - 2 scrolls of blinking
 k - 3 scrolls of remove curse
 l - 2 scrolls of amnesia
Potions
 d - 7 potions of blood
 e - 5 potions of curing
 f - 3 potions of heal wounds
 g - a potion of haste
 h - 4 potions of magic
 i - a potion of invisibility
Books
 c - a book of Maledictions

   Spells                             Type                      Level
   a - Corona                         Hexes                        1
   b - Ensorcelled Hibernation        Hexes/Ice                    2
   c - Confuse                        Hexes                        3
   d - Tukima's Dance                 Hexes                        3
   e - Dazzling Spray                 Conjuration/Hexes            3


   Skills:
 + Level 4.3 Fighting
 + Level 5.4 Short Blades
 + Level 5.8 Dodging
 + Level 9.0 Stealth
 + Level 5.1 Spellcasting
 + Level 8.4 Hexes


You had 2 spell levels left.
You knew the following spells:

 Your Spells              Type           Power        Failure   Level  Hunger
a - Tukima's Dance        Hex            ####....     1%          3    ###....
b - Corona                Hex            ####...      1%          1    None
c - Dazzling Spray        Conj/Hex       ###...       10%         3    ###....
x - Confuse               Hex            ####....     1%          3    ###....
z - Ensorcelled Hibernat  Hex/Ice        ###...       4%          2    #......


Dungeon Overview and Level Annotations

Branches:
Dungeon (1/1)

Altars:
Cheibriados
Dithmenos
Elyvilon
Fedhas
Gozag
Kikubaaqudgha
Makhleb
Nemelex Xobeh
Okawaru
Pakellas
Qazlal
Ru
Sif Muna
Trog
Vehumet
Xom
Yredelemnul
Zin
The Shining One
Beogh
Jiyva
Lugonu


Innate Abilities, Weirdness & Mutations

You have razor-sharp teeth.
You have supernaturally acute eyesight.
You can survive without breathing.


Message History

You now have 6/12 mp.
Casting: Confuse
Confirm with . or Enter, or press ? or * to list all spells.
Aiming: Confuse
Press: ? - help, Shift-Dir - straight line, f/p - yak
Aim: a yak (almost dead, chance to defeat MR: 62%)
The yak resists with significant effort.
The yak closely misses you.
You now have 3/12 mp.
Casting: Confuse
Confirm with . or Enter, or press ? or * to list all spells.
Aiming: Confuse
Press: ? - help, Shift-Dir - straight line, f/p - yak
Aim: a yak (almost dead, chance to defeat MR: 62%)
The yak appears confused.
The yak gores the necrophage!
You now have 0/12 mp.
You barely miss the yak.
The yak is almost dead.
The yak gores you!
You die...

▓.▓
▓)▓
▓.▓
▓.▓
▓F▓
▓5▓
▓n▓
▓Y▓
▓@▓
▓<▓
▓▓▓


You could see a yak (confused), a necrophage, a giant frog and a shadow imp.

Vanquished Creatures
  A sky beast (D)
  An ogre (D)
  A centaur (D)
  An adder (D)
  A bat skeleton (D)
  2 giant cockroaches (D)
  3 bats (D)
  A giant newt (D)
  A rat (D)
12 creatures vanquished.

Notes
Turn   | Place    | Note
--------------------------------------------------------------
     0 | D        | namelastname112 the Vampire Enchanter began the quest for the Orb.
     0 | D        | Reached XP level 1. HP: 13/13 MP: 3/3
    27 | D        | Reached skill level 1 in Fighting
   351 | D        | Noticed a centaur
   351 | D        | Noticed an ogre
   353 | D        | Reached skill level 5 in Stealth
   369 | D        | Reached skill level 5 in Hexes
   369 | D        | Reached XP level 2. HP: 21/21 MP: 3/5
   374 | D        | Killed an ogre
   374 | D        | Reached skill level 7 in Stealth
   374 | D        | Reached XP level 3. HP: 27/29 MP: 4/8
   374 | D        | Reached XP level 4. HP: 33/35 MP: 4/9
   376 | D        | Killed a centaur
   376 | D        | Reached skill level 5 in Dodging
   376 | D        | Reached skill level 8 in Stealth
   376 | D        | Reached XP level 5. HP: 40/42 MP: 4/11
   520 | D        | Found a glowing silver altar of Zin.
   520 | D        | Found a glowing golden altar of the Shining One.
   520 | D        | Found an ancient bone altar of Kikubaaqudgha.
   520 | D        | Found a basalt altar of Yredelemnul.
   520 | D        | Found a shimmering altar of Xom.
   520 | D        | Found a radiant altar of Vehumet.
   521 | D        | Found an iron altar of Okawaru.
   522 | D        | Found a burning altar of Makhleb.
   523 | D        | Found a deep blue altar of Sif Muna.
   524 | D        | Found a bloodstained altar of Trog.
   525 | D        | Found a sparkling altar of Nemelex Xobeh.
   526 | D        | Found a white marble altar of Elyvilon.
   527 | D        | Found a roughly hewn altar of Beogh.
   528 | D        | Found a viscous altar of Jiyva.
   529 | D        | Found a corrupted altar of Lugonu.
   530 | D        | Found a blossoming altar of Fedhas.
   531 | D        | Found a snail-covered altar of Cheibriados.
   532 | D        | Found a shadowy altar of Dithmenos.
   533 | D        | Found a stormy altar of Qazlal.
   534 | D        | Found an opulent altar of Gozag.
   535 | D        | Found a sacrificial altar of Ru.
   536 | D        | Found an oddly glowing altar of Pakellas.
   540 | D        | Became a worshipper of Dithmenos the Shadowed
   588 | D        | Learned a level 3 spell: Confuse
   593 | D        | Learned a level 3 spell: Tukima's Dance
   596 | D        | Learned a level 2 spell: Ensorcelled Hibernation
   600 | D        | Learned a level 3 spell: Dazzling Spray
   604 | D        | Noticed a necrophage
   604 | D        | Noticed a yak
   604 | D        | Noticed a sky beast
   628 | D        | Killed a sky beast
   628 | D        | Reached skill level 5 in Short Blades
   628 | D        | Reached skill level 9 in Stealth
   628 | D        | Reached skill level 5 in Spellcasting
   677 | D        | Slain by a yak

Vault maps used:
D:        linesprint

Skill      XL: |  1  2  3  4  5 |
---------------+----------------+-----
Fighting       | 1 3 4 |  4.3
Stealth        | 5 7 8 9 |  9.0
Short Blades   | 2 3 4 5 |  5.4
Dodging        | 3 4 5 |  5.8
Hexes          | 5 6 7 8 |  8.4
Spellcasting   | 3 4 5 |  5.1

Action                   |  1- 3 |  4- 6 || total
-------------------------+-------+-------++-------
Melee: Dagger            |    36 |     2 ||    38
       Bite              |     3 |     2 ||     5
       Rapier            |       |    12 ||    12
 Cast: Ensorcelled Hiber |       |     5 ||     5
       Confuse           |       |     2 ||     2
  Use: Potion            |     4 |       ||     4
 Stab: Sleeping          |     1 |     1 ||     2
Armor: Robe              |     6 |     2 ||     8
Dodge: Dodged            |    30 |    13 ||    43
